 Dungeon Crawl Stone Soup version 0.31.0 (webtiles) character file.

Game seed: 14087445720717488545

4676 qw the Skirmisher (level 10, -5/64 HPs)
             Began as a Gargoyle Hunter on Jan 19, 2024.
             Slain by a six-headed hydra (12 damage)
             ... on level 9 of the Dungeon.
             The game lasted 00:00:43 (5894 turns).

qw the Skirmisher (Gargoyle Hunter)                 Turns: 5894, Time: 00:00:43

Health: -5/64      AC: 22    Str: 15    XL:     10   Next: 44%
Magic:  10/10      EV: 13    Int: 10    God:
Gold:   495        SH:  0    Dex: 17    Spells: 9/9 levels left

rFire   . . .        a - +2 shortbow (freeze)
rCold   . . .        (shield currently unavailable)
rNeg    + . .        q - +3 leather armour of Qauts {Regen+}
rPois   inf          c - +2 helmet
rElec   +            d - +1 cloak
rCorr   .            (no gloves)
SInv    .            (no boots)
Will    .....        (no amulet)
Stlth   ++           j - +4 ring of protection
HPRegen 1.10/turn    (no ring)
MPRegen 0.12/turn

%: no passive effects
@: no status effects
A: sickness immunity, AC +7, negative energy resistance 1, electricity
resistance, torment resistance 1, petrification resistance
a: no special abilities


You were on level 9 of the Dungeon.
You visited 2 branches of the dungeon, and saw 10 of its levels.
You also visited: Ossuary.

You collected 711 gold pieces.
You spent 216 gold pieces at shops.


Innate Abilities, Weirdness & Mutations

You are immune to sickness and miasma.
Your stone body is resilient. (AC +7)
You are immune to poison.
You resist negative energy. (rN+)
You are resistant to electric shocks. (rElec)
You are resistant to unholy torment.
You are immune to petrification.


   Skills:
 - Level 8.2 Fighting
 + Level 12.7 Ranged Weapons
 - Level 2.1 Armour
 - Level 4.0 Dodging
 - Level 1.1 Stealth


You had 9 spell levels left.
You didn't know any spells.
Your spell library was empty.

Inventory:

Hand Weapons
 a - a +2 shortbow of freezing (weapon)
Armour
 c - a +2 helmet (worn)
 d - a +1 cloak (worn)
 q - the +3 leather armour of Qauts (worn) {Regen+}
   (You bought it in a shop on level 8 of the Dungeon)

   Regen+:    It increases your rate of health regeneration.
Jewellery
 j - a +4 ring of protection (left hand)
Wands
 e - a wand of roots (5)
 k - a wand of charming (9)
 n - a wand of polymorph (8)
 p - a wand of mindburst (11)
Scrolls
 f - 6 scrolls of teleportation
Potions
 g - a potion of cancellation
 h - 3 potions of enlightenment
 i - 4 potions of heal wounds
 m - 5 potions of curing
 o - a potion of mutation

Dungeon Overview and Level Annotations

Branches:
Dungeon (9/15)             Temple (1/1) D:4         Ossuary (visited)
   Lair: D:8-11         Orc: D:9-12

Altars:
Ashenzari
Cheibriados
Dithmenos
Elyvilon
Fedhas
Gozag
Hepliaklqana
Kikubaaqudgha
Makhleb
Nemelex Xobeh
Qazlal
Ru
Sif Muna
Trog
Uskayaw
Vehumet
Wu Jian
Xom
Yredelemnul
Zin
The Shining One

Shops:
D:1 :   D:3 (   D:8 [

Annotations:
D:8 3 runed translucent doors, Deitsab's ghost, novice MiBe


Message History

The six-headed hydra bites you but does no damage.
The six-headed hydra closely misses you.
The six-headed hydra bites you but does no damage.
The six-headed hydra misses you.
You shoot an arrow. The arrow hits the six-headed hydra!
The six-headed hydra seems to slow down.
The arrow freezes the six-headed hydra.
The six-headed hydra is moderately wounded.
The water moccasin barely misses you. The six-headed hydra barely misses you.
The six-headed hydra bites you but does no damage.
The six-headed hydra bites you!
The six-headed hydra bites you but does no damage.
The six-headed hydra bites you! The six-headed hydra barely misses you.
You shoot an arrow. The arrow hits the six-headed hydra.
The arrow freezes the six-headed hydra.
The six-headed hydra is heavily wounded.
The water moccasin barely misses you.
You shoot an arrow.
The arrow barely misses the six-headed hydra.
The arrow hits the centaur.
The arrow freezes the centaur.
You kill the centaur!
The water moccasin bites you but does no damage.
The six-headed hydra bites you but does no damage.
The six-headed hydra misses you. The six-headed hydra bites you! x2
The six-headed hydra bites you but does no damage. x2
You shoot an arrow. The arrow hits the six-headed hydra.
The six-headed hydra seems to slow down.
The arrow freezes the six-headed hydra.
The six-headed hydra is heavily wounded.
The water moccasin completely misses you.
A centaur warrior comes into view.
You shoot an arrow.
The arrow barely misses the six-headed hydra.
The arrow completely misses the slime creature.
The centaur warrior shouts!
The arrow hits the hornet.
The arrow freezes the hornet.
The hornet is moderately wounded.
You hear a howl!
The water moccasin bites you. The six-headed hydra bites you! x2
You die...

..........#....%# ##
.....%%%..#.....# :(.
....##'####.....# #?(
#####...........# .c7
................# ##..77#
................# ....##.
................###....##.
................#SoT(##().
................@DJyY##yy.
###########.....###D.77##T
..........#.....# ..7 .
..........#.....# ##DT
..........'.....# ...
..........#.....# #).k
#...#######.....###### ... ###
##+###..#............# ## #..
........#............##########..


You could see a six-headed hydra (slow), a slime creature, a centaur warrior, a
yak, a troll, a hornet, a steam dragon, an orc warrior, a water moccasin and a
killer bee.

Vanquished Creatures
  Erolcha (D:9)
  Psyche (D:8)
  Sigmund (D:6)
  A steam dragon (D:8)
  Edmund (D:6)
  2 water moccasins
  2 sky beasts
  Pargi (D:3)
  3 ice beasts
  An ogre (D:4)
  A boggart (D:9)
  2 centaurs
  2 phantoms
  2 kobold brigands
  3 bullfrogs
  A gnoll sergeant (D:8)
  A scorpion (D:5)
  4 wights (D:6)
  8 killer bees
  A howler monkey (D:9)
  2 bombardier beetles (D:5)
  2 gnoll boudas
  2 hounds
  An orc priest (D:7)
  A jelly (D:5)
  A sleepcap (D:6)
  Jessica (D:2)
  5 iguanas
  Terence (D:2)
  10 orc wizards
  9 mummies
  Robin (D:2)
  17 gnolls
  7 adders
  A shadow imp (D:7)
  5 white imps
  3 dart slugs
  A ribbon worm (D:2)
  23 orcs
  7 ball pythons
  8 endoplasms
  3 giant cockroaches
  11 goblins (D:2)
  4 hobgoblins
  3 jackals (D:3)
  7 bats
  3 frilled lizards (D:3)
  2 gnoll zombies (Ossuary)
  2 hobgoblin zombies (Ossuary)
  22 kobolds
  4 orc zombies (Ossuary)
  9 rats
217 creatures vanquished.

Vanquished Creatures (others)
  A kobold (D:8)
1 creature vanquished.

Grand Total: 218 creatures vanquished

Notes
Turn   | Place    | Note
-------+----------+-------------------------------------------
     0 | D:1      | qw the Gargoyle Hunter began the quest for the Orb.
     0 | D:1      | Reached XP level 1. HP: 12/12 MP: 1/1
     0 | D:1      | 0 ||| qw: Version: 0.3-a-132-g3d54051
     0 | D:1      | 0 ||| qw: Game counter: 150
     0 | D:1      | 0 ||| qw: Melee chars always use a shield: true
     0 | D:1      | 0 ||| qw: God list: Okawaru
     0 | D:1      | 0 ||| qw: Allow faded altars: false
     0 | D:1      | 0 ||| qw: Do Orc after clearing Dungeon:15 true
     0 | D:1      | 0 ||| qw: Do second Lair branch before Depths: true
     0 | D:1      | 0 ||| qw: Lair rune preference: random
     0 | D:1      | 0 ||| qw: Goals: Normal
     0 | D:1      | 0 ||| PLANNING D:1-11
    29 | D:1      | Found Roady's Book Boutique.
   199 | D:1      | Reached XP level 2. HP: 17/17 MP: 2/2
   548 | D:1      | 548 ||| UPGRADING to +0 ring mail.
   558 | D:1      | 558 ||| DROPPING +0 leather armour.
   559 | D:1      | 559 ||| UPGRADING to +4 ring of protection.
   560 | D:1      | 560 ||| DROPPING ring of magical power.
   561 | D:1      | 561 ||| READING scroll labelled WAOCE FUZAU.
   561 | D:1      | 561 ||| IDENTIFYING bubbling pink potion
   562 | D:1      | 562 ||| READING 2 scrolls labelled JILODI USIH.
   567 | D:1      | 567 ||| READING 2 scrolls labelled QYLALI QUELLADD.
   568 | D:1      | 568 ||| READING 2 scrolls labelled QUCEHO TURA.
   569 | D:1      | 569 ||| READING scroll labelled AKHLUR WUOGU.
   570 | D:1      | 570 ||| READING scroll labelled MEM EHIDURR.
   570 | D:1      | 570 ||| ENCHANTING +0 shortbow.
   571 | D:1      | 571 ||| READING scroll labelled PYPETEOBRA.
   571 | D:1      | 571 ||| ENCHANTING +0 shortbow.
   572 | D:1      | 572 ||| DRINKING 2 blue potions.
   573 | D:1      | 573 ||| DROPPING scroll of butterflies.
   574 | D:1      | 574 ||| DROPPING potion of attraction.
   575 | D:1      | 575 ||| DROPPING scroll of immolation.
   576 | D:1      | 576 ||| DROPPING scroll of amnesia.
   653 | D:2      | 653 ||| FLEEEEING.
   656 | D:2      | 656 ||| STAIRDANCE
   708 | D:2      | Reached skill level 1 in Armour
   759 | D:2      | Reached XP level 3. HP: 21/21 MP: 3/3
   790 | D:2      | You fall into a shaft and drop 1 floor!
   816 | D:3      | 816 ||| READING scroll of identify.
   816 | D:3      | 816 ||| IDENTIFYING sapphire potion
   817 | D:3      | 817 ||| FLEEEEING.
   819 | D:3      | 819 ||| STAIRDANCE
   861 | D:2      | Noticed Jessica
   863 | D:2      | Killed Jessica
   864 | D:2      | Reached skill level 5 in Ranged Weapons
   864 | D:2      | Reached XP level 4. HP: 26/26 MP: 4/4
   918 | D:2      | Noticed Robin
   928 | D:2      | HP: 5/27 [goblin/+0 club[Robin] (5)]
   929 | D:2      | 929 ||| READING scroll of teleportation.
   930 | D:2      | 930 ||| DRINKING potion of heal wounds.
   977 | D:2      | Killed Robin
   982 | D:2      | Reached skill level 3 in Fighting
  1099 | D:2      | Noticed Terence
  1116 | D:2      | Killed Terence
  1117 | D:2      | Reached XP level 5. HP: 29/32 MP: 5/5
  1336 | D:2      | 1336 ||| UPGRADING to +2 animal skin.
  1346 | D:2      | 1346 ||| UPGRADING to +2 helmet.
  1351 | D:2      | 1351 ||| DROPPING +0 ring mail.
  1352 | D:2      | 1352 ||| READING scroll of identify.
  1352 | D:2      | 1352 ||| IDENTIFYING scroll labelled TUPARI INIF
  1353 | D:2      | 1353 ||| READING scroll of brand weapon.
  1353 | D:2      | 1353 ||| BRANDING +1 shortbow.
  1380 | D:3      | Noticed a phantom
  1381 | D:3      | 1381 ||| STAIRDANCE
  1385 | D:3      | 1385 ||| STAIRDANCE
  1389 | D:3      | 1389 ||| STAIRDANCE
  1401 | D:2      | Killed a phantom
  1402 | D:2      | Reached skill level 6 in Ranged Weapons
  1463 | D:3      | Noticed Pargi
  1473 | D:3      | Killed Pargi
  1474 | D:3      | Reached XP level 6. HP: 39/39 MP: 6/6
  1723 | D:3      | Found Helor's Weapon Emporium.
  1744 | D:3      | Found a hazy altar of Hepliaklqana.
  1841 | D:3      | 1841 ||| UPGRADING to +0 cloak.
  1846 | D:3      | 1846 ||| UPGRADING to +1 robe of willpower.
  1936 | D:4      | Reached skill level 7 in Ranged Weapons
  1936 | D:4      | Reached XP level 7. HP: 44/44 MP: 7/7
  2031 | D:4      | Found a staircase to the Ecumenical Temple.
  2032 | D:4      | 2032 ||| PLANNING TEMPLE
  2050 | D:4      | 2050 ||| FLEEEEING.
  2061 | D:4      | 2061 ||| FLEEEEING.
  2084 | D:4      | 2084 ||| DROPPING +1 hat.
  2085 | D:4      | 2085 ||| READING scroll labelled TAOGGAKIWK.
  2107 | Temple   | Entered the Ecumenical Temple
  2108 | Temple   | 2108 ||| PLANNING D:1-11
  2297 | D:4      | 2297 ||| READING scroll of enchant weapon.
  2297 | D:4      | 2297 ||| ENCHANTING +1 shortbow of freezing.
  2471 | D:4      | 2471 ||| READING scroll of identify.
  2471 | D:4      | 2471 ||| IDENTIFYING amethyst potion
  2506 | D:5      | Entered Level 5 of the Dungeon
  2547 | D:5      | 2547 ||| RETREEEEATING.
  2560 | D:5      | 2560 ||| FLEEEEING.
  2561 | D:5      | 2561 ||| FLEEEEING.
  2575 | D:5      | Reached skill level 8 in Ranged Weapons
  2740 | D:5      | Found an opulent altar of Gozag.
  2743 | D:5      | Reached XP level 8. HP: 49/49 MP: 8/8
  2770 | D:5      | 2770 ||| FLEEEEING.
  2778 | D:5      | 2778 ||| STAIRDANCE
  2814 | D:4      | 2814 ||| DRINKING 2 lumpy golden potions.
  2815 | D:4      | 2815 ||| DROPPING potion of magic.
  2926 | D:5      | Reached skill level 9 in Ranged Weapons
  3064 | D:5      | 3064 ||| FLEEEEING.
  3108 | D:5      | 3108 ||| READING 2 scrolls of identify.
  3108 | D:5      | 3108 ||| IDENTIFYING red potion
  3109 | D:5      | 3109 ||| READING scroll of identify.
  3109 | D:5      | 3109 ||| IDENTIFYING golden potion
  3142 | D:6      | 3142 ||| PLANNING OSSUARY
  3195 | D:6      | Found a sand-covered staircase.
  3206 | Ossuary  | Entered an ossuary
  3244 | Ossuary  | Reached skill level 6 in Fighting
  3354 | Ossuary  | 3354 ||| READING scroll of enchant armour.
  3354 | Ossuary  | 3354 ||| ENCHANTING +0 cloak.
  3388 | Ossuary  | 3388 ||| READING 2 scrolls of identify.
  3388 | Ossuary  | 3388 ||| IDENTIFYING ruby potion
  3389 | Ossuary  | 3389 ||| READING scroll of identify.
  3389 | Ossuary  | 3389 ||| IDENTIFYING coppery potion
  3390 | Ossuary  | 3390 ||| READING scroll labelled DOSMUPL GYIGE.
  3391 | Ossuary  | 3391 ||| DRINKING 3 inky potions.
  3392 | Ossuary  | 3392 ||| DROPPING potion of degeneration.
  3393 | Ossuary  | 3393 ||| DROPPING 2 potions of brilliance.
  3412 | D:6      | 3412 ||| PLANNING D:1-11
  3579 | D:6      | Reached skill level 10 in Ranged Weapons
  3707 | D:6      | Reached skill level 3 in Dodging
  3707 | D:6      | Reached XP level 9. HP: 53/55 MP: 9/9
  3718 | D:6      | 3718 ||| RETREEEEATING.
  4182 | D:6      | Noticed Sigmund
  4188 | D:6      | Killed Sigmund
  4219 | D:6      | Noticed Edmund
  4231 | D:6      | Killed Edmund
  4494 | D:7      | Reached skill level 11 in Ranged Weapons
  4501 | D:7      | 4501 ||| FLEEEEING.
  4526 | D:7      | Found a stormy altar of Qazlal.
  4531 | D:7      | Found a shimmering altar of Xom.
  4531 | D:7      | Found a shimmering blue altar of Sif Muna.
  4542 | D:7      | Found a glowing golden altar of the Shining One.
  4545 | D:7      | Found a sacrificial altar of Ru.
  4795 | D:7      | 4795 ||| READING scroll of identify.
  4795 | D:7      | 4795 ||| IDENTIFYING cyan potion
  4796 | D:7      | 4796 ||| DROPPING potion of invisibility.
  4883 | D:8      | Noticed Deitsab's ghost (novice MiBe)
  4888 | D:8      | Found a runed translucent gate.
  4888 | D:8      | Found a runed translucent gate.
  4888 | D:8      | Found a runed translucent gate.
  4919 | D:8      | 4919 ||| FLEEEEING.
  4922 | D:8      | Noticed Psyche
  4923 | D:8      | 4923 ||| RETREEEEATING.
  4928 | D:8      | 4928 ||| RETREEEEATING.
  4929 | D:8      | 4929 ||| RETREEEEATING.
  4930 | D:8      | 4930 ||| RETREEEEATING.
  4931 | D:8      | 4931 ||| RETREEEEATING.
  4932 | D:8      | 4932 ||| RETREEEEATING.
  4933 | D:8      | 4933 ||| RETREEEEATING.
  4934 | D:8      | 4934 ||| RETREEEEATING.
  4935 | D:8      | 4935 ||| RETREEEEATING.
  4936 | D:8      | 4936 ||| RETREEEEATING.
  4937 | D:8      | 4937 ||| RETREEEEATING.
  4939 | D:8      | 4939 ||| RETREEEEATING.
  4940 | D:8      | 4940 ||| RETREEEEATING.
  4941 | D:8      | 4941 ||| RETREEEEATING.
  4944 | D:8      | 4944 ||| DRINKING potion of haste.
  4949 | D:8      | Killed Psyche
  4975 | D:8      | 4975 ||| FLEEEEING.
  5132 | D:8      | Found Niobetei's Antique Armour Boutique.
  5146 | D:8      | Reached XP level 10. HP: 64/64 MP: 10/10
  5158 | D:8      | 5158 ||| FLEEEEING.
  5209 | D:8      | 5209 ||| BUYING ichor-stained leather armour (126 gold).
  5209 | D:8      | Bought an ichor-stained leather armour for 126 gold pieces
  5209 | D:8      | Identified the +3 leather armour of Qauts {Regen+} (You
                  | bought it in a shop on level 8 of the Dungeon)
  5209 | D:8      | 5209 ||| BUYING runed leather armour (90 gold).
  5209 | D:8      | Bought a runed leather armour for 90 gold pieces
  5427 | D:8      | 5427 ||| DROPPING +2 animal skin.
  5428 | D:8      | 5428 ||| UPGRADING to +2 robe of cold resistance.
  5438 | D:8      | 5438 ||| DROPPING +1 robe of willpower.
  5439 | D:8      | 5439 ||| UPGRADING to +3 leather armour of Qauts {Regen+}.
  5449 | D:8      | 5449 ||| DROPPING +2 robe of cold resistance.
  5450 | D:8      | 5450 ||| DROPPING +3 leather armour of poison resistance.
  5451 | D:8      | 5451 ||| READING scroll of identify.
  5451 | D:8      | 5451 ||| IDENTIFYING fuming dark potion
  5452 | D:8      | 5452 ||| DROPPING potion of lignification.
  5493 | D:9      | 5493 ||| DRINKING 6 potions of curing.
  5493 | D:9      | 5493 ||| (to cure confusion)
  5523 | D:9      | Reached skill level 12 in Ranged Weapons
  5669 | D:9      | 5669 ||| STAIRDANCE
  5714 | D:8      | 5714 ||| READING scroll of identify.
  5714 | D:8      | 5714 ||| IDENTIFYING lumpy amethyst potion
  5715 | D:8      | 5715 ||| DROPPING potion of berserk rage.
  5794 | D:9      | Noticed Erolcha
  5803 | D:9      | Killed Erolcha
  5804 | D:9      | 5804 ||| FLEEEEING.
  5877 | D:9      | 5877 ||| RETREEEEATING.
  5877 | D:9      | Noticed a six-headed hydra
  5880 | D:9      | 5880 ||| RETREEEEATING.
  5881 | D:9      | 5881 ||| RETREEEEATING.
  5883 | D:9      | 5883 ||| RETREEEEATING.
  5893 | D:9      | Noticed a centaur warrior
  5894 | D:9      | HP: 7/64 [six-headed hydra (11)]
  5894 | D:9      | Slain by a six-headed hydra

Levels and vault maps discovered:
D:1:      dpeg_arrival_long_road, layout_basic, serial_shops, shop,
          hangedman_feature_mirror, st_stairs_3
D:2:      layout_loops_ring, minmay_hexomino_p4, uniq_jessica, uniq_robin,
          uniq_terence
D:3:      layout_basic, mainiacjoe_overflow_alcove_2, serial_shops,
          nicolae_square_shop, kennysheep_doodads, uniq_pargi
D:4:      layout_loops_ring, minmay_temple_entry_mini_moons
D:5:      layout_rooms, mainiacjoe_overflow_surrounded_room, serial_glass,
          glass_columns_b, glass_columns_b
D:6:      layout_loops_ring, gup_ossuary_entry_pyramid, sigmund_edmund_badplayer
D:7:      layout_rooms, minmay_overflow_temple_star_hex, nicolae_lava_and_water,
          kennysheep_nondescript
D:8:      layout_basic, gammafunk_ghost_split, serial_shops, shop, uniq_psyche
D:9:      minmay_bloctagon, layout_gridville, uniq_erolcha, uniq_maurice
Temple:   nicolae_temple_great_sept

Skill      XL: |  1  2  3  4  5  6  7  8  9 10 |
---------------+-------------------------------+-----
Armour         | 1 2 |  2.1
Ranged Weapons | 5 6 7 8 10 11 12 | 12.7
Fighting       | 3 4 5 6 8 |  8.2
Dodging        | 2 3 4 |  4.0
Stealth        | |  1.1

Action                     |  1- 3 |  4- 6 |  7- 9 | 10-12 || total
---------------------------+-------+-------+-------+-------++-------
   Fire: Shortbow          |    70 |   159 |   464 |   115 ||   808
    Use: Scroll            |     8 |     3 |    10 |     2 ||    23
         Potion            |     1 |     1 |     3 |     1 ||     6
 Armour: Leather armour    |     3 |       |       |    93 ||    96
         Ring mail         |    14 |    39 |       |       ||    53
         Animal skin       |       |    32 |       |       ||    32
         Robe              |       |     3 |   126 |     6 ||   135
  Dodge: Dodged            |    17 |    58 |    87 |    76 ||   238

Table legend:
 A = Non-vault XP
 B = Vault XP
 C = Vault XP percentage of total XP
 D = Non-vault monster count
 E = Vault monster count
 F = Vault count percentage of total count
                 A         B        C        D         E       F
            +---------+---------+-------+---------+---------+-------
      Total |    4426 |    2254 |  33.7 |     174 |      43 |  19.8
            +---------+---------+-------+---------+---------+-------
        D:1 |      13 |       5 |  27.8 |       9 |       4 |  30.8
        D:2 |     159 |     107 |  40.2 |      15 |      14 |  48.3
        D:3 |     114 |     130 |  53.3 |      29 |       1 |   3.3
        D:4 |     227 |       0 |   0.0 |      16 |       0 |   0.0
        D:5 |     741 |       0 |   0.0 |      24 |       0 |   0.0
        D:6 |     962 |     401 |  29.4 |      20 |       3 |  13.0
        D:7 |     647 |       0 |   0.0 |      19 |       0 |   0.0
        D:8 |     785 |     353 |  31.0 |      20 |       1 |   4.8
        D:9 |     778 |    1105 |  58.7 |      22 |       4 |  15.4
    Ossuary |       0 |     153 | 100.0 |       0 |      16 | 100.0
            +---------+---------+-------+---------+---------+-------
